 Dungeon Crawl Stone Soup version 0.26-a0-317-ge2f3d4a7ca (webtiles) character file.

Game seed: 7732005118678060792

18161 Gargoyl the Cleaver (level 12, -4/97 HPs)
             Began as a Palentonga Abyssal Knight on July 16, 2020.
             Was a High Priest of Lugonu.
             Killed from afar by an electric eel (6 damage)
             ... with a bolt of electricity
             ... on level 3 of the Lair of Beasts on July 18, 2020.
             The game lasted 00:16:08 (12122 turns).

Gargoyl the Cleaver (Palentonga Abyssal Knight)    Turns: 12122, Time: 00:16:09

Health: -4/97      AC: 25    Str: 18    XL:     12   Next: 25%
Magic:  19/19      EV:  8    Int: 19    God:    Lugonu [*****.]
Gold:   765        SH: 11    Dex: 15    Spells: 11/11 levels left

rFire    . . .     SeeInvis +   l - +1 war axe (venom)
rCold    . . .     Faith    .   d - +0 kite shield
rNeg     . . .     Spirit   .   C - +7 plate armour {ponderous}
rPois    .         Reflect  .   (no helmet)
rElec    .         Harm     .   h - +2 cloak
rCorr    .                      b - +2 pair of gloves
MR       .....                  (boots restricted)
Stlth    ..........             g - amulet of regeneration
HPRegen  0.66/turn              e - ring of Intercession {MR- Int+6 Dex+3 Slay+3}
MPRegen  0.16/turn              t - +4 ring of evasion

@: slowed, very slow
A: large, rugged brown scales 3, see invisible, deformed body, roll, armoured
tail
a: Rolling Charge, Depart the Abyss, Bend Space, Banish, Corrupt, Enter the
Abyss, Renounce Religion


You were on level 3 of the Lair of Beasts.
You worshipped Lugonu.
Lugonu was extremely pleased with you.
You visited 2 branches of the dungeon, and saw 13 of its levels.
You visited the Abyss 2 times.

You collected 877 gold pieces.
You spent 112 gold pieces at shops.

Inventory:

Hand Weapons
 a - a +2 hand axe
 l - a +1 war axe of venom (weapon)
Missiles
 z - 7 silver boomerangs (quivered)
Armour
 b - a +2 pair of gloves (worn)
 d - a +0 kite shield (worn)
 h - a +2 cloak (worn)
 C - a +7 plate armour of ponderousness (worn)
Jewellery
 e - the ring of Intercession (left hand) {MR- Int+6 Dex+3 Slay+3}
   (You found it on level 2 of the Abyss)

   [ring of intelligence]

   It affects your intelligence (+6).
   It affects your dexterity (+3).
   It affects your accuracy and damage with ranged weapons and melee attacks
   (+3).
   It affects your resistance to hostile enchantments.
 g - an amulet of regeneration (around neck)
 t - a +4 ring of evasion (right hand)
 u - an uncursed ring of protection from fire
 x - an uncursed ring of flight
 F - an uncursed ring of protection from cold
Wands
 y - a wand of digging (4)
 A - a wand of flame (25)
 D - a wand of clouds (6)
 E - a wand of random effects (29)
Scrolls
 f - a scroll of identify
 m - 3 scrolls of teleportation
 o - 2 scrolls of fog
 q - a scroll of blinking
 r - 14 scrolls of remove curse
 w - 2 scrolls of fear
Potions
 c - 6 potions of curing
 i - a potion of lignification
 j - a potion of resistance
 k - 3 potions of haste
 n - a potion of ambrosia
 p - 4 potions of invisibility
 s - 2 potions of cancellation
 v - a potion of magic
 B - a potion of flight
 G - a potion of heal wounds
 H - a potion of stabbing


   Skills:
 + Level 7.2 Fighting
 + Level 10.7 Axes
 * Level 8.7 Armour
 + Level 2.3 Dodging
 * Level 7.6 Shields
 * Level 9.4 Invocations


You had 11 spell levels left.
You didn't know any spells.
Your spell library contained the following spells:

 Spells                   Type           Power        Failure   Level
 Magic Dart               Conj           #...         100%        1
 Blink                    Tloc           N/A          100%        2
 Call Imp                 Summ           #.......     100%        2
 Slow                     Hex            #.......     100%        2
 Conjure Flame            Conj/Fire      #.......     100%        3
 Mephitic Cloud           Conj/Pois/Air  #.......     100%        3


Dungeon Overview and Level Annotations

Branches:
Dungeon (10/15)            Temple (0/1) D:6            Lair (3/6) D:8
    Orc (0/2) D:9
  Swamp: Lair:2-4    Shoals: Lair:2-4     Snake: Lair:2-4    Spider: Lair:2-4

Altars:
Ashenzari
Dithmenos
Fedhas
Gozag
Hepliaklqana
Qazlal
Sif Muna
Wu Jian
Yredelemnul

Shops:
D:5 *


Innate Abilities, Weirdness & Mutations

You are completely covered in rugged brown scales. (AC +3, +7% HP)
You have supernaturally acute eyesight. (SInv)
Armour fits poorly on your strangely shaped body.
You can roll at foes to attack.
You have a long armoured tail.


Message History

The bolt of cold hits you!!
You hit the bog body.
You destroy the bog body!
Lugonu accepts your kill.
You slash the bog body!
You are engulfed in freezing vapours.
* * * LOW HITPOINT WARNING * * *
The bog body gestures at you while chanting.
You feel as though you will be slow longer.
The electric eel shoots out a bolt of lightning at you!
The bolt of electricity hits you but does no damage.
You block the bog body's attack. The bog body barely misses you.
The electric eel shoots out a bolt of lightning at you!
The bolt of electricity hits you.
* * * LOW HITPOINT WARNING * * *
The bog body hits you!
* * * LOW HITPOINT WARNING * * *
The bog body touches you but does no damage.
The electric eel shoots out a bolt of lightning at you!
The bolt of electricity hits you.
You die...

#..................#. #
##........#.......... #
#....................
###.#......#P..⌠⌠......
.###......###.♣..♣....
..####....##..♣..♣ .
.P# #.....##.♣♣..♣♣ ###
###....#.♣≈♣n≈♣ ##
#P..##.♣≈.@≈♣ .##
##...#.♣≈.♣†♣ ..#
#.#....♣;..≈♣ ..#
###...♣♣≈n♣≈♣ ..###
#....♣♣≈..≈♣ #...#
#....♣♣≈..≈♣
#...####....♣♣≈..≈♣
#....##.....♣♣≈..≈♣
#....#......♣


You could see 2 bog bodies and an electric eel.

Vanquished Creatures
  Erolcha (D:10)
  Urug (D:10)
  3 elephants (Lair:2)
  Joseph (D:10)
  A black mamba (Lair:2)
  5 cane toads
  2 komodo dragons
  2 trolls
  9 blink frogs (Lair:3)
  A bog body (Lair:3)
  4 hippogriffs
  3 wyverns (D:8)
  14 yaks
  2 basilisks
  Grum (D:8)
  A steam dragon (D:8)
  2 swamp worms (Lair:3)
  3 water moccasins
  7 porcupines
  5 orc warriors
  3 sky beasts (D:6)
  7 ice beasts
  A phantom (D:10)
  8 ogres
  18 wolves
  A black bear (D:7)
  6 crocodiles
  3 big kobolds
  2 gnoll sergeants
  3 bullfrogs
  3 scorpions
  3 killer bees (D:9)
  An electric eel (Lair:3)
  A centaur zombie (D:10)
  2 hounds
  4 jellies
  5 orc wizards
  6 orc priests
  A gnoll shaman (D:5)
  2 bullfrog skeletons
  5 iguanas
  8 worker ants
  3 hound skeletons
  A howler monkey zombie (D:6)
  8 gnolls
  6 adders
  2 white imps
  4 ufetubi
  An adder zombie (D:6)
  An adder skeleton (D:7)
  A worm (D:2)
  4 dart slugs
  5 leopard geckos
  30 orcs
  4 ball pythons
  4 giant cockroaches
  4 goblins
  6 hobgoblins
  8 jackals (D:1)
  5 kobolds
  A quokka (D:2)
  12 bats
  8 frilled lizards
  A giant cockroach zombie (D:6)
  4 rats
  A fungus (Lair:2)
285 creatures vanquished.

Vanquished Creatures (others)
  A sky beast (D:6)
  A plant (Lair:3)
2 creatures vanquished.

Grand Total: 287 creatures vanquished

Notes
Turn   | Place    | Note
-------+----------+-------------------------------------------
     0 | Abyss:1  | Gargoyl the Palentonga Abyssal Knight began the quest for
                  | the Orb.
     0 | Abyss:1  | Reached XP level 1. HP: 19/19 MP: 2/2
    88 | Abyss:2  | Noticed a rakshasa
    90 | Abyss:2  | Got a sparkling golden ring
    91 | D:1      | Escaped the Abyss
    92 | D:1      | Identified the ring of Intercession {MR- Int+6 Dex+3
                  | Slay+3} (You found it on level 2 of the Abyss)
   202 | D:1      | Reached skill level 1 in Dodging
   217 | D:1      | Reached XP level 2. HP: 10/25 MP: 3/3
   418 | D:1      | You fall into a shaft and drop 1 floor!
   671 | D:2      | Reached XP level 3. HP: 31/31 MP: 4/4
   682 | D:2      | Found a stormy altar of Qazlal.
   735 | D:2      | Reached * piety under Lugonu
   926 | D:1      | Reached skill level 1 in Shields
   939 | D:1      | You fall into a shaft and drop 1 floor!
  1659 | D:2      | Reached XP level 4. HP: 37/37 MP: 5/5
  1674 | D:2      | Found a shattered altar of Ashenzari.
  1944 | D:3      | Reached ** piety under Lugonu
  2006 | D:3      | Found a blossoming altar of Fedhas.
  2283 | D:3      | Found a basalt altar of Yredelemnul.
  2452 | D:3      | Found a hazy altar of Hepliaklqana.
  2579 | D:4      | Reached XP level 5. HP: 38/43 MP: 6/6
  2667 | D:4      | Reached skill level 3 in Axes
  2801 | D:4      | Reached XP level 6. HP: 27/50 MP: 8/8
  3112 | D:4      | Found a shimmering blue altar of Sif Muna.
  3195 | D:5      | Entered Level 5 of the Dungeon
  3432 | D:5      | Reached skill level 4 in Axes
  3444 | D:5      | Found Isyelul's General Store.
  3447 | D:5      | Bought a scroll of enchant weapon for 112 gold pieces
  3514 | D:5      | Reached XP level 7. HP: 53/56 MP: 9/9
  3516 | D:5      | Reached *** piety under Lugonu
  3568 | D:5      | Found an ornate altar of the Wu Jian Council.
  4009 | D:6      | Reached skill level 5 in Axes
  4011 | D:6      | Reached XP level 8. HP: 18/64 MP: 11/11
  4145 | D:6      | Found an opulent altar of Gozag.
  4181 | D:6      | Reached skill level 5 in Invocations
  4306 | D:6      | Found a staircase to the Ecumenical Temple.
  4324 | D:6      | Reached skill level 6 in Axes
  4488 | D:6      | Found a shadowy altar of Dithmenos.
  4810 | D:7      | Reached **** piety under Lugonu
  4816 | D:7      | Noticed a hippogriff
  4825 | D:7      | Killed a hippogriff
  4825 | D:7      | Reached XP level 9. HP: 57/70 MP: 13/13
  5244 | D:7      | Reached skill level 7 in Axes
  5373 | D:8      | Noticed Grum
  5388 | D:7      | Reached skill level 5 in Armour
  5555 | D:8      | Killed Grum
  5638 | D:8      | Found a stormy altar of Qazlal.
  5638 | D:8      | HP: 2/71 [wyvern (5)]
  6096 | D:8      | Reached skill level 5 in Fighting
  6326 | D:8      | Reached skill level 5 in Shields
  6333 | D:8      | Reached skill level 8 in Axes
  6348 | D:8      | Found a staircase to the Lair.
  6666 | D:9      | Reached XP level 10. HP: 77/79 MP: 15/15
  6834 | D:9      | Found a staircase to the Orcish Mines.
  7219 | D:9      | Reached ***** piety under Lugonu
  8122 | D:10     | Entered Level 10 of the Dungeon
  8161 | D:10     | Noticed Erolcha
  8169 | D:10     | Killed Erolcha
  8169 | D:10     | Reached skill level 9 in Axes
  8385 | D:10     | Noticed Joseph
  8399 | D:10     | Killed Joseph
  8697 | D:10     | Noticed Urug
  8702 | D:10     | Cast into level 1 of the Abyss (Urug)
  8775 | Abyss:1  | Noticed a thrashing horror
  8776 | D:10     | Escaped the Abyss
  8782 | D:10     | Killed Urug
  9223 | Lair:1   | Entered Level 1 of the Lair of Beasts
  9280 | Lair:1   | Noticed a cane toad
  9289 | Lair:1   | Killed a cane toad
  9289 | Lair:1   | Reached XP level 11. HP: 56/86 MP: 16/16
  9589 | Lair:1   | Got an encrusted great sword
  9596 | Lair:1   | Identified the +9 great sword "Cakuf" {venom, +Rage rPois}
                  | (You found it on level 1 of the Lair of Beasts)
 10412 | Lair:2   | Reached skill level 10 in Axes
 11406 | Lair:3   | Reached XP level 12. HP: 24/97 MP: 18/18
 12122 | Lair:3   | HP: 2/97 [bog body (10)]
 12122 | Lair:3   | Killed from afar by an electric eel

Illustrated notes

Levels and vault maps discovered:
D:1:      co_arrival_random_square_maze, layout_basic, minmay_tiny_reverse_x
D:2:      layout_basic, nicolae_ashenzari_panopticon, grunt_qazlal_clouds
D:3:      layout_loops_ring, old_standard_altar, marbit_many_paths,
          fedhas_altar_1, minmay_misc_feat_doors, kennysheep_decorative_pillar
D:4:      layout_rooms, led_sif_book
D:5:      layout_cave_pools, old_standard_altar, serial_shops,
          nicolae_shop_behind_doors
D:6:      lemuel_ice_spiral_2, layout_basic, lemuel_round_altar,
          grunt_dithmenos_smoke, temple_green
D:7:      black_bear_nest_2, layout_loops_ring, minivault_24
D:8:      layout_basic, old_standard_altar, erik_lair_dragon,
          lightli_ossuary_entry_decrepit_ruins, uniq_grum
D:9:      layout_layer_cave, kennysheep_orc_monster_closet_entryway
D:10:     layout_basic, uniq_joseph, uniq_urug, uniq_erolcha
Lair:1:   layout_long_grid
Lair:2:   layout_concentric_octagons, st_stairs_8
Lair:3:   layout_cave_pods, nicolae_swamp_entry_splash_gauntlet,
          grunt_megastairs_2, lemuel_fruit_tree, infiniplex_staircase_pool

Skill      XL: |  1  2  3  4  5  6  7  8  9 10 11 |
---------------+----------------------------------+-----
Dodging        | 1 2 |  2.3
Armour         | 2 3 4 5 7 8 |  8.7
Shields        | 1 2 3 5 6 7 |  7.6
Axes           | 3 4 5 6 8 9 10 | 10.7
Invocations    | 3 4 5 6 7 9 |  9.4
Fighting       | 4 5 6 7 |  7.2

Action                   |  1- 3 |  4- 6 |  7- 9 | 10-12 || total
-------------------------+-------+-------+-------+-------++-------
Melee: Hand axe          |    97 |   117 |       |       ||   214
       Tailslap          |    17 |    12 |    31 |    68 ||   128
       War axe           |       |    21 |   246 |   381 ||   648
Invok: Depart the Abyss  |     1 |       |       |     1 ||     2
       Bend Space        |       |     1 |       |       ||     1
  Use: Scroll            |     9 |     4 |     9 |     9 ||    31
       Potion            |       |     6 |       |     1 ||     7
Armor: Leather armour    |    16 |       |       |       ||    16
       Chain mail        |    70 |    86 |    98 |       ||   254
       Plate armour      |       |       |    32 |   262 ||   294
Dodge: Dodged            |    14 |    21 |    93 |   138 ||   266
Block: Kite shield       |    55 |    57 |   141 |   218 ||   471

Table legend:
 A = Non-vault XP
 B = Vault XP
 C = Vault XP percentage of total XP
 D = Non-vault monster count
 E = Vault monster count
 F = Vault count percentage of total count
                 A         B        C        D         E       F
            +---------+---------+-------+---------+---------+-------
      Total |   18051 |    7894 |  30.4 |     237 |      48 |  16.8
            +---------+---------+-------+---------+---------+-------
        D:1 |      55 |       3 |   5.2 |      29 |       2 |   6.5
        D:2 |      61 |       0 |   0.0 |      19 |       0 |   0.0
        D:3 |      44 |      13 |  22.8 |      21 |       1 |   4.5
        D:4 |     285 |      42 |  12.8 |      15 |       1 |   6.2
        D:5 |     709 |       0 |   0.0 |      18 |       0 |   0.0
        D:6 |    1282 |       0 |   0.0 |      29 |       0 |   0.0
        D:7 |     571 |     468 |  45.0 |       8 |       4 |  33.3
        D:8 |     580 |    1471 |  71.7 |      16 |      10 |  38.5
        D:9 |     463 |    1755 |  79.1 |      10 |      18 |  64.3
       D:10 |     749 |    2301 |  75.4 |       8 |       3 |  27.3
     Lair:1 |    1914 |       0 |   0.0 |       9 |       0 |   0.0
     Lair:2 |    4962 |       0 |   0.0 |      25 |       0 |   0.0
     Lair:3 |    6376 |    1841 |  22.4 |      30 |       9 |  23.1
            +---------+---------+-------+---------+---------+-------
